 Dungeon Sprint DCSS version 0.27-a0-1256-gced786f65e (webtiles) character file.

Game seed: 11068957942355645442

9392 mhtbhm the Unseen (level 11, -1/144 HPs)
             Began as a Merfolk Berserker on June 10, 2021.
             Was a High Priest of Trog.
             Slain by a ghost moth (17 damage)
             ... in the Dungeon (Sprint IV: "Fedhas' Mad Dash").
             The game lasted 00:04:32 (2828 turns).

mhtbhm the Unseen (Merfolk Berserker)               Turns: 2828, Time: 00:04:32

Health: -1/144     AC:  3    Str: 27    XL:     11   Next: 45%
Magic:  0/11       EV: 16    Int:  6    God:    Trog [*****.]
Gold:   186        SH:  0    Dex: 14    Spells: 10/10 levels left

rFire    . . .     SeeInvis .   a - +5 halberd (vorpal)
rCold    . . .     Faith    .   (shield currently unavailable)
rNeg     . . .     Spirit   .   b - +0 animal skin
rPois    .         Reflect  .   i - +0 helmet
rElec    .         Harm     .   (no cloak)
rCorr    .         Rampage  .   (no gloves)
Will     .....     NoTele   +   (no boots)
Stlth    ..........             k - amulet of invisibility {+Inv}
HPRegen  0.34/turn              m - +6 ring of strength
MPRegen  0.12/turn              (no ring)

@: berserking, slowed
A: (nimble swimmer 2), mertail
a: Renounce Religion, Evoke Invisibility, Berserk, Trog's Hand, Brothers in Arms


You were in the Dungeon.
You worshipped Trog.
Trog was extremely pleased with you.
You visited 1 branch You collected 251 gold pieces.
You spent 65 gold pieces at shops.

Inventory:

Hand Weapons
 a - a +5 vorpal halberd (weapon)
 p - the +8 demon trident "Rift" {distort, reach+}
   (Trog gifted it to you in the Dungeon)

   It warps and distorts space around it.
   Unwielding it can cause banishment or high damage.
 q - the +2 spear "Beec" {antimagic, rPois rN++ Str+7}
   (You found it in the Dungeon)

   It reduces the magical energy of the wielder, and disrupts the spells and
   magical abilities of those hit.
   Natural abilities and divine invocations are not affected.
   It affects your strength (+7).
   It protects you from poison.
   It greatly protects you from negative energy.
Missiles
 o - 16 poisoned darts
Armour
 b - a +0 animal skin (worn)
 i - a +0 helmet (worn)
Jewellery
 j - an amulet of the acrobat
 k - the amulet of invisibility (around neck) {+Inv}
   (You found it in the Dungeon)

   [amulet of nothing]

   It lets you turn invisible.
 m - a +6 ring of strength (left hand)
Scrolls
 h - a scroll of blinking
Potions
 c - 2 potions of curing
 d - 2 potions of heal wounds
 e - a potion of haste
 f - 2 potions of magic
 g - a potion of berserk rage
 l - 2 potions of ambrosia {unknown}
 s - a potion of flight {unknown}
Miscellaneous
 n - a piece from Xom's chessboard (15/15)
 r - a tin of tremorstones (2/2)


   Skills:
 + Level 12.7 Fighting
 + Level 18.6 Polearms
 + Level 3.6 Armour
 + Level 9.9 Dodging
 + Level 19.1 Stealth
 + Level 9.2 Evocations


You had 10 spell levels left.
You didn't know any spells.
Your spell library was empty.

Dungeon Overview and Level Annotations

Branches:
Dungeon (1/1)

Altars:
Cheibriados
Dithmenos
Elyvilon
Gozag
Hepliaklqana
Kikubaaqudgha
Makhleb
Nemelex Xobeh
Okawaru
Qazlal
Ru
Sif Muna
Trog
Uskayaw
Vehumet
Wu Jian
Xom
Yredelemnul
Zin
The Shining One
Beogh
Jiyva
Lugonu

Shops:
D [[[*([((=:!


Innate Abilities, Weirdness & Mutations

((You are quick and stealthy near water. (Stealth+, EV+, Speed+++)))
Your lower body shifts to a powerful aquatic tail in water.


Message History

The demonic crawler closely misses you.
Unknown command.
You impale the demonic crawler!!
You kill the demonic crawler!
Trog accepts your kill. The hornet stings you.
You feel as though you will be slow longer.
Something hits you! Something hits you. Something stings you!
Unknown command.
You slash the hornet!
The hornet is heavily wounded.
The hornet stings you.
You feel as though you will be slow longer.
Something closely misses you. Something hits you. Something stings you.
You slash something!
The hornet stings you but does no damage.
You feel you are being watched by something.
You feel your power leaking away. Something hits you but does no damage.
Something hits you. Something stings you!
You closely miss something. The hornet closely misses you.
You barely miss something. The hornet barely misses you.
You feel you are being watched by something.
Something hits you but does no damage. Something hits you!
Something stings you.
You miss something. The hornet barely misses you.
You feel you are being watched by something.
Something hits you. x2
* * * LOW HITPOINT WARNING * * *
Something stings you!
* * * LOW HITPOINT WARNING * * *
You puncture something! The hornet closely misses you. Something hits you!
* * * LOW HITPOINT WARNING * * *
Something hits you!
* * * LOW HITPOINT WARNING * * *
Something barely misses you.
You barely miss something. The hornet barely misses you.
You feel you are being watched by something.
Something hits you!
You die...

#...††.♣.....#...######
#.....♣..♣..######♣♣♣♣♣
##'####'######."'......
#..#.)..).......#♣..♣♣♣
#.(#..###.......#.♣♣..♣
#######################
#......................
#∩.................).P.
#∩...y@.............)P.
#∩...{...............P.
###########+###########


You could see a hornet.

Vanquished Creatures
  Agnes (D)
  A spriggan berserker (D)
  A spriggan druid (D)
  6 oklob plants (D)
  2 demonic crawlers (D)
  3 wandering mushrooms (D)
  3 burning bushes (D)
  A queen bee (D)
  2 hornets (D)
  3 scorpions (D)
  4 killer bees (D)
  5 oklob saplings (D)
  7 spriggans (D)
  A river rat (D)
  A rat (D)
41 creatures vanquished.

Vanquished Creatures (collateral kills)
  A spriggan defender (D)
1 creature vanquished.

Vanquished Creatures (others)
  2 ballistomycete spores (D)
2 creatures vanquished.

Grand Total: 44 creatures vanquished

Notes
Turn   | Place    | Note
-------+----------+-------------------------------------------
     0 | D        | mhtbhm the Merfolk Berserker began the quest for the Orb.
     0 | D        | Reached XP level 1. HP: 18/18 MP: 1/1
    10 | D        | Reached skill level 5 in Polearms
    10 | D        | Reached XP level 2. HP: 26/26 MP: 2/2
   162 | D        | Noticed an oklob sapling
   165 | D        | Killed an oklob sapling
   165 | D        | Reached ** piety under Trog
   166 | D        | Reached skill level 5 in Fighting
   166 | D        | Reached XP level 3. HP: 33/33 MP: 3/3
   211 | D        | Noticed a scorpion
   212 | D        | Found the amulet of invisibility {+Inv}
   214 | D        | Killed a scorpion
   215 | D        | Reached XP level 4. HP: 41/41 MP: 4/4
   363 | D        | Found an opulent altar of Gozag.
   363 | D        | Found a hazy altar of Hepliaklqana.
   363 | D        | Found a burning altar of Makhleb.
   363 | D        | Found a sparkling altar of Nemelex Xobeh.
   363 | D        | Found a snail-covered altar of Cheibriados.
   363 | D        | Found a sacrificial altar of Ru.
   363 | D        | Found a shimmering blue altar of Sif Muna.
   363 | D        | Found a shimmering altar of Xom.
   363 | D        | Found a basalt altar of Yredelemnul.
   368 | D        | Found a viscous altar of Jiyva.
   368 | D        | Found a bloodstained altar of Trog.
   368 | D        | Found an ornate altar of the Wu Jian Council.
   368 | D        | Noticed an oklob sapling priest
   369 | D        | Found an iron altar of Okawaru.
   369 | D        | Found a shadowy altar of Dithmenos.
   369 | D        | Found a glowing silver altar of Zin.
   370 | D        | Found an ancient bone altar of Kikubaaqudgha.
   370 | D        | Found a hide-covered altar of Uskayaw.
   371 | D        | Found a stormy altar of Qazlal.
   371 | D        | Found a white marble altar of Elyvilon.
   371 | D        | Found a glowing golden altar of the Shining One.
   372 | D        | Found a corrupted altar of Lugonu.
   372 | D        | Found a radiant altar of Vehumet.
   379 | D        | Killed an oklob sapling priest
   380 | D        | Reached skill level 10 in Polearms
   380 | D        | Reached skill level 1 in Stealth
   380 | D        | Reached XP level 5. HP: 48/48 MP: 3/5
   435 | D        | Reached *** piety under Trog
   436 | D        | Reached skill level 5 in Dodging
   436 | D        | Reached skill level 2 in Stealth
   661 | D        | Reached skill level 3 in Stealth
   661 | D        | Reached skill level 1 in Evocations
   661 | D        | Reached XP level 6. HP: 57/57 MP: 6/6
   699 | D        | Found Buux's Weapon Shop.
   699 | D        | Found Alaez's General Store.
   729 | D        | Noticed a burning bush
   729 | D        | Noticed a wandering mushroom
   730 | D        | Noticed a wandering mushroom
   739 | D        | Killed a burning bush
   739 | D        | Reached **** piety under Trog
   740 | D        | Reached skill level 5 in Stealth
   740 | D        | Reached XP level 7. HP: 65/65 MP: 4/7
   745 | D        | Killed a wandering mushroom
   746 | D        | Reached skill level 10 in Fighting
   753 | D        | Reached skill level 6 in Stealth
   754 | D        | Killed a wandering mushroom
   755 | D        | Reached skill level 15 in Polearms
   755 | D        | Reached skill level 7 in Stealth
   755 | D        | Reached XP level 8. HP: 74/74 MP: 5/8
   761 | D        | Found Koggoaf's Jewellery Emporium.
   761 | D        | Found Teygeuw's Antique Weapon Shoppe.
   979 | D        | Noticed a queen bee
   994 | D        | Reached ***** piety under Trog
  1008 | D        | Killed a queen bee
  1009 | D        | Reached skill level 8 in Stealth
  1051 | D        | Noticed an oklob plant
  1062 | D        | Killed an oklob plant
  1063 | D        | Reached skill level 10 in Stealth
  1063 | D        | Reached XP level 9. HP: 81/81 MP: 6/9
  1114 | D        | Noticed a burning bush
  1125 | D        | Killed a burning bush
  1126 | D        | Reached skill level 11 in Stealth
  1126 | D        | Reached skill level 5 in Evocations
  1130 | D        | Identified the +2 spear "Beec" {antimagic, rPois rN++
                  | Str+7}
  1168 | D        | Noticed a burning bush
  1168 | D        | Noticed an oklob plant
  1169 | D        | Noticed a wandering mushroom
  1174 | D        | Killed a burning bush
  1174 | D        | Received a gift from Trog
  1184 | D        | Killed an oklob plant
  1185 | D        | Reached skill level 12 in Stealth
  1191 | D        | Killed a wandering mushroom
  1192 | D        | Reached skill level 13 in Stealth
  1241 | D        | Noticed a spriggan druid
  1247 | D        | Killed a spriggan druid
  1248 | D        | Reached skill level 14 in Stealth
  1248 | D        | Reached XP level 10. HP: 89/89 MP: 3/10
  1292 | D        | Noticed an oklob plant conjurer
  1298 | D        | Killed an oklob plant conjurer
  1298 | D        | Received a gift from Trog
  1299 | D        | Found the +8 demon trident "Rift" {distort, reach+}
  1349 | D        | Noticed an oklob plant
  1349 | D        | Noticed an oklob plant summoner
  1350 | D        | Noticed an oklob plant shifter
  1357 | D        | Killed an oklob plant
  1358 | D        | Reached skill level 15 in Stealth
  1363 | D        | Killed an oklob plant summoner
  1368 | D        | Killed an oklob plant shifter
  1472 | D        | Noticed a spriggan rider
  1473 | D        | Found Emeud's Book Emporium.
  1479 | D        | Reached ****** piety under Trog
  1479 | D        | Received a gift from Trog
  1480 | D        | Reached skill level 16 in Stealth
  1488 | D        | Killed a spriggan rider
  1586 | D        | Found Dephah's Distillery.
  1627 | D        | Bought a potion of heal wounds for 65 gold pieces
  1645 | D        | Noticed Agnes
  1662 | D        | Killed Agnes
  1663 | D        | Reached skill level 18 in Stealth
  1663 | D        | Reached XP level 11. HP: 13/96 MP: 11/11
  1994 | D        | Found Faevvaz's Armour Emporium.
  1994 | D        | Noticed a spriggan berserker
  2000 | D        | Killed a spriggan berserker
  2189 | D        | Found Cusch's Antique Weapon Shoppe.
  2192 | D        | Noticed a spriggan defender
  2196 | D        | Killed a spriggan defender
  2278 | D        | Noticed a spriggan rider
  2301 | D        | Reached skill level 19 in Stealth
  2813 | D        | Found Oshaem's Armour Boutique.
  2813 | D        | Found Oture's Armour Emporium.
  2813 | D        | Found Uvem's Antique Armour Shoppe.
  2828 | D        | Slain by a ghost moth

Illustrated notes

Levels and vault maps discovered:
D:        dungeon_sprint_fedhas [sprint_temple]

Skill      XL: |  1  2  3  4  5  6  7  8  9 10 11 |
---------------+----------------------------------+-----
Fighting       | 4 5 6 7 8 9 10 11 12 | 12.7
Polearms       | 5 7 9 10 11 13 15 16 17 18 | 18.6
Dodging        | 3 4 5 6 7 9 |  9.9
Armour         | 2 3 |  3.6
Stealth        | 1 3 5 7 10 14 18 19 | 19.1
Evocations     | 1 2 3 4 6 8 9 |  9.2

Action                   |  1- 3 |  4- 6 |  7- 9 | 10-12 || total
-------------------------+-------+-------+-------+-------++-------
Melee: Spear             |    13 |    23 |    80 |    40 ||   156
       Halberd           |       |       |       |    36 ||    36
Invok: Berserk           |     3 |     4 |     6 |     9 ||    22
       Brothers in Arms  |       |       |       |     2 ||     2
 Abil: Evoke Invisibilit |       |     2 |     3 |     1 ||     6
 Stab: Invisible         |       |     2 |    17 |     6 ||    25
       Sleeping          |       |     1 |     1 |       ||     2
Armor: Animal skin       |       |       |       |     5 ||     5
Dodge: Dodged            |     2 |       |     6 |    21 ||    29

Table legend: (Time is in decaauts)
 A = Elapsed time spent in this place.
 B = Non-inter-level travel time spent in this place.
 C = Inter-level travel time spent in this place.
 D = Time resting spent in this place.
 E = Time spent auto-exploring this place.
 F = Levels seen in this place.
 G = Mean time per level.
                   A        B        C        D        E       F      G
               +--------+--------+--------+--------+--------+-----+--------+
         Total |   2926 |   2926 |      0 |   2345 |     32 |   1 | 2926.0 |
       Dungeon |   2926 |   2926 |      0 |   2345 |     32 |   1 | 2926.0 |
               +--------+--------+--------+--------+--------+-----+--------+

Top non-repeatable levels by time:
       D: 2926 daAuts
